← All builds
Front / Armada / Economy first / OBSERVED BUILD

Standard front

Armada Front build order · Supreme Isthmus

Standard economy-first Front play: Bot Lab and Vehicle Plant up immediately, units trickle to the coast and middle, with an Advanced Metal Extractor around 9:00 as the eco transition.

#eco · 1700 distinct matches · 248 players · 74% of Armada Front games · team won 61% of 1994 · Recently observed

HOW TO PLAY IT

Key timing: T2 constructor by 7:43

  1. Open mex and wind, drop Bot Lab and Vehicle Plant almost immediately.
  2. Pump Blitz, Rocketeer and Pawn to the coast to stop leaks first.
  3. Add Centurion and Janus once first units are moving up.
  4. Form units into a line pushing toward middle as numbers grow.
  5. Upgrade to Advanced Metal Extractor as the economy transition kicks in.

Phase by phase

TYPICAL OF ITS 1700 GAMES
  1. 1
  2. 2
  3. 3
PLAY THE OPENING

Follow the example game's first 6:00 step by step: what to build now, what comes next, and where it goes. At 1× it keeps pace with your own game.

  1. 1

    Up to the Bot Lab

    Economy
    • Metal Extractor2Mex
    Order
    1. Bot LabBot Lab after 2 mex, 1 winddone ~0:44, middle half 0:33–0:56

    Some games also: wind (48%) · Vehicle Plant (35%)

    By 0:28 in all: 2 mex

    The example game in this phase · 1 step
    1. Mex ×3
  2. 2

    Bot Lab to 5:00

    Economy
    • Metal Extractor4Mex
    • Wind Turbine3Wind
    Builders
    • Construction Bot1 Con bot
    Army
    • Sentry1 Sentry
    • Rocketeer6 Rocketeer

    Some games also: Lazarus (49%) · tick (46%) · centurion (40%) · con vehicle (32%) · janus (32%)

    By 5:00 in all: 6 mex · 6 wind

    The example game in this phase · 31 steps
    1. Wind
    2. Vehicle PlantVehicle Plantdone 0:59 · typical 0:47
    3. Wind
    4. RoverScout ×2
    5. BlitzBlitz ×2
    6. Construction VehicleCon vehicle ×2
    7. BlitzBlitz ×3
    8. RoverScout ×2
    9. StoutStout
    10. Mex
    11. WhistlerMissile truck
    12. Con turret
    13. JanusJanus
    14. Mex
    15. JanusJanus
    16. Mex
    17. JanusJanus
    18. Mex
    19. JanusJanus ×2
    20. StoutStout
    21. BeamerBeamer
    22. BlitzBlitz ×2
    23. Dragon's TeethDragon's Teeth
    24. Wind
    25. BlitzBlitz
    26. Wind
    27. BlitzBlitz
    28. Dragon's TeethDragon's Teeth
    29. Wind
    30. BlitzBlitz
    31. Dragon's TeethDragon's Teeth
  3. 3

    5:00 to 10:00

    Economy
    • Metal Extractor1Mex
    • Wind Turbine14Wind
    Builders
    • Construction Turret2 Con turret
    Army
    • Sentry1 Sentry

    Some games also: rocketeer (45%) · energy storage (43%) · Lazarus (38%) · con bot (37%) · Radar Tower (36%)

    By 10:00 in all: 7 mex · 24 wind · 1 energy storage · 3 con turret

    The example game in this phase · 75 steps
    1. Wind
    2. BlitzBlitz
    3. Wind
    4. BlitzBlitz
    5. Wind
    6. BlitzBlitz
    7. BeamerBeamer
    8. Wind
    9. SentrySentry
    10. BlitzBlitz
    11. BeamerBeamer
    12. Wind
    13. Energy storage
    14. BlitzBlitz
    15. ShellshockerArty ×2
    16. BeamerBeamer
    17. ShellshockerArty
    18. SentrySentry ×2
    19. StoutStout
    20. WhistlerMissile truck
    21. BeamerBeamer
    22. WhistlerMissile truck ×5
    23. Mex
    24. WhistlerMissile truck
    25. SentrySentry ×2
    26. WhistlerMissile truck
    27. GauntletGauntletnot finished by 15:00
    28. WhistlerMissile truck ×2
    29. SentrySentry
    30. Dragon's TeethDragon's Teeth
    31. WhistlerMissile truck
    32. Advanced Metal ExtractorT2 mexdone 10:22 · typical 9:00
    33. SentrySentry ×2
    34. WhistlerMissile truck
    35. SentrySentry ×2
    36. Con turret
    37. WhistlerMissile truck
    38. StoutStout
    39. Advanced Metal ExtractorT2 mex
    40. GauntletGauntlet
    41. StoutStout ×2
    42. Mex
    43. StoutStout
    44. Advanced Metal ExtractorT2 mex
    45. StoutStout
    46. BeamerBeamer
    47. RoverScout ×8
    48. BeamerBeamer
    49. RoverScout ×11
    50. Advanced Metal ExtractorT2 mex
    51. RoverScout
    52. Con turret
    53. RoverScout ×10
    54. Sneaky PeteSneaky Pete
    55. RoverScout ×3
    56. Energy storage
    57. RoverScout
    58. Wind
    59. Con turret
    60. RoverScout ×2
    61. Wind
    62. RoverScout ×2
    63. Energy storage
    64. RoverScout ×2
    65. Converter
    66. RoverScout
    67. Converter
    68. RoverScout
    69. Pit BullPit Bull
    70. Converter
    71. RoverScout
    72. Converter
    73. RoverScout
    74. Con turret
    75. RoverScout ×2

Counts are medians over the build's games: half of them build more, half fewer. The example game is Reasonable1337's (31 OS, 15/08/2026); pick another.

Team trades

IN AT LEAST 30% OF ITS GAMES

You hand over

Nothing regular.

You get

  • Tidal Generator4 Tidal from Pondfirst at 0:17 · in 68% of games
  • Advanced Construction Bot1 T2 con bot from Geo or Techfirst at 7:24 · in 64% of games

How it plays out

Typical game of this build, running totals by minute

Metal produced

010k20k30k
0:005:0010:0015:00

metal

Enemy metal destroyed

05k10k
0:005:0010:0015:00

metal

Own metal lost

05k10k
0:005:0010:0015:00

metal

1994 games.

Show as table
ByMetal produced: This buildEnemy metal destroyed: This buildOwn metal lost: This build
1:0033300
2:008402131
3:001618135108
4:002700522333
5:0038471128787
6:00503519281428
7:00625027202303
8:00753535463173
9:00897343304071
10:001054250114810
11:001237555405548
12:001452859986409
13:001685964707001
14:001921771867827
15:002184978708694
WHAT THE NUMBERS SAY

Standard Front play wins more often than Suicide front and produces more metal by 15:00 while losing less of it.

  • + Metal produced reaches 22627 by 15:00, well above Suicide front's 20142.
  • + Own metal lost is 8944 by 15:00, lower than enemy metal destroyed ratio of Suicide front.
  • − First unit lost already at 1:43, showing exposure despite the safer position.
  • − Blitz dominates army share at 25%, leaving fewer Centurion for anti-swarm.
THE EXAMPLE YOU ARE READING

Reasonable1337

30.6 OS · 15/08/2026

Open source match ↗

7 received units · includes a constructor
229 metal received · 30171 energy received

Allied construction assistance is unknown. Timings are observations, not a promise of solo reproducibility.

Typical milestones

Bot Lab0:44Middle 50%: 0:33–0:56 · n=1332
Vehicle Plant0:47Middle 50%: 0:41–1:13 · n=1286
Advanced Metal Extractor9:00Middle 50%: 8:09–10:15 · n=1564

Played most by

haaven107games of this buildHummell107games of this buildLeohvm93games of this buildTheGeneraI75games of this buildXad69games of this build